 Dungeon Crawl Stone Soup version 0.31-a0-117-g42d8f58691 (webtiles) character file.

Game seed: 11623667783680959142

9116 MackTheKnife the Grappler (level 11, -1/84 HPs)
             Began as a Demonspawn Monk on May 30, 2023.
             Was an Elder of Fedhas.
             Slain by a death yak simulacrum (11 damage)
             ... in an ice cave.
             The game lasted 00:15:39 (9792 turns).

MackTheKnife the Grappler (Demonspawn Monk)         Turns: 9792, Time: 00:15:40

Health: -1/84      AC: 14    Str: 18    XL:     11   Next: 18%
Magic:  14/17      EV: 16    Int: 11    God:    Fedhas [****..]
Gold:   895        SH:  0    Dex: 19    Spells: 10/10 levels left

rFire   . .          .
                       - Unarmed
rCold   + . .        c - orb {light}
rNeg    . . .        G - +0 acid dragon scales
rPois   .            (helmet restricted)
rElec   .            (no cloak)
rCorr   +            t - +1 pair of gloves
SInv    +            B - +2 pair of boots {Fly}
Will    .....        w - amulet "Jiwkur" {Regen+ rCorr Str-5 Dex+4 SInv}
Stlth   +            s - ring of protection from cold
HPRegen 1.14/turn    A - +6 ring of strength
MPRegen 0.15/turn

%: no passive effects
@: flying, glowing
A: horns 2, foul stench 1, sharp scales 3, demonic magic 1
a: Renounce Religion, Wall of Briars, Grow Ballistomycete, Overgrow


You were in an ice cave.
You worshipped Fedhas.
Fedhas was greatly pleased with you.
You visited 1 branch of the dungeon, and saw 11 of its levels.
You also visited: Bailey and Ice Cave.

You collected 895 gold pieces.


Innate Abilities, Weirdness & Mutations

You have a pair of horns on your head.
You may rarely emit foul miasma when damaged in melee.
You are completely covered in razor-sharp scales. (AC +3, Slay +3)
Spells you cast may paralyse adjacent enemies.


   Skills:
 + Level 7.3 Fighting
 - Level 8.0 Dodging
 - Level 12.0 Unarmed Combat
 - Level 8.0 Invocations


You had 10 spell levels left.
You didn't know any spells.
Your spell library contained the following spells:

 Spells                   Type           Power      Damage    Failure   Level
 Shock                    Conj/Air       0%         1d3       43%         1
 Cigotuvi's Dreadful Rot  Necr/Pois/Air  0%         N/A       56%         2
 Frozen Ramparts          Ice            0%         1d1       80%         3
 Ignite Poison            Fire/Tmut/Pois 0%         N/A       80%         3
 Swiftness                Air            0%         N/A       80%         3
 Vhi's Electric Charge    Tloc/Air       0%         N/A       80%         3
 Airstrike                Air            0%         2d(0-16)  99%         4
 Ice Form                 Ice/Tmut       0%         N/A       99%         4
 Summon Ice Beast         Ice/Summ       0%         N/A       99%         4
 Arcjolt                  Conj/Air       0%         1d10      100%        5
 Freezing Cloud           Conj/Ice/Air   0%         6-21      100%        5
 Plasma Beam              Fire/Air       0%         2x1d11    100%        6
 Chain Lightning          Conj/Air       0%         N/A       100%        9
 Fire Storm               Conj/Fire      0%         5d1       100%        9
 Shatter                  Erth           0%         3d5*      100%        9

Inventory:

Missiles
 n - a throwing net {=f!fthrowing}
Armour
 c - an orb of light (worn)
 t - a +1 pair of gloves (worn)
   (You found it on level 5 of the Dungeon)
 B - a +2 pair of boots of flying (worn)
   (You found it in a bailey)
 G - +0 acid dragon scales (worn)
   (You found it on level 10 of the Dungeon)
Jewellery
 s - a ring of protection from cold (left hand)
   (You found it on level 4 of the Dungeon)
 w - the amulet "Jiwkur" (around neck) {Regen+ rCorr Str-5 Dex+4 SInv}
   (You found it on level 6 of the Dungeon)

   [amulet of regeneration]

   Str:       It affects your strength (-5).
   Dex:       It affects your dexterity (+4).
   SInv:      It lets you see invisible.
   Regen:     It increases your rate of health regeneration.
   rCorr:     It protects you from acid and corrosion.
 A - a +6 ring of strength (right hand)
   (You found it on level 8 of the Dungeon)
Wands
 l - a wand of flame (8)
   (You found it on level 2 of the Dungeon)
 x - a wand of paralysis (12)
   (You took it off an orc on level 6 of the Dungeon)
 y - a wand of quicksilver (23)
   (You found it on level 6 of the Dungeon)
 D - a wand of mindburst (10)
   (You found it on level 8 of the Dungeon)
Scrolls
 d - 2 scrolls of butterflies
 e - a scroll of teleportation {@r4}
 f - a scroll of immolation {!r!r}
 g - a scroll of amnesia
 h - 2 scrolls of vulnerability {!r!r}
 m - 2 scrolls of blinking {!r}
 u - a scroll of torment {!r}
 v - a scroll of identify {@r1}
 E - a scroll of poison {!r}
Potions
 a - 2 potions of curing {@q1}
 b - 2 potions of ambrosia
 i - a potion of haste {@q3}
 j - a potion of invisibility
 o - 2 potions of degeneration {unknown}
 p - 8 potions of enlightenment
 q - a potion of cancellation {unknown}
 r - a potion of lignification {unknown}
 z - a potion of magic {unknown}
 C - a potion of attraction {unknown}
 F - a potion of brilliance {unknown}

Dungeon Overview and Level Annotations

Branches:
Dungeon (11/15) Zot: 26855  Temple (0/1) D:5            Lair (0/5) D:10
 Bailey (visited)           IceCv (1/1) Zot: 5794
    Orc: D:9-12

Altars:
Dithmenos
Fedhas
Kikubaaqudgha
Sif Muna
Uskayaw
Wu Jian
Xom

Annotations:
D:8 1 runed translucent door, lmonn's ghost, novice MiFi
D:9 3 runed translucent doors

. #### ..
######..## ...##
##..##P...##
.Z...###...Z......#
......#....Z..∩Z°.#
..Z##§☼°§##.....@.#
. ##§§#####....##
##§.# ##..## #....
#### ......
##..☼..# ##.#.#
..##


You could see a death yak simulacrum (ally target), a dire elephant simulacrum,
a naga simulacrum and a friendly ballistomycete (summoned).


Message History

The freezing wraith hits you. The freezing wraith freezes you. You resist.
The freezing wraith hits you but does no damage. 😕 HP[-9]
You take 9 damage, and now have 74/84 hp.
You punch the freezing wraith!
The freezing wraith hits you but does no damage.
The freezing wraith completely misses you. 😕 HP[+2]
You regained 2 hp, and now have 76/84 hp.
You hit the freezing wraith but do no damage.
The freezing wraith misses you. The freezing wraith hits you!
The freezing wraith drains your vigour!
You feel as though you will be slow longer. 😕 HP[-7]
You take 7 damage, and now have 69/84 hp.
You hit the freezing wraith but do no damage.
The freezing wraith closely misses you. The freezing wraith hits you. 😕 HP[-5]
You take 5 damage, and now have 64/84 hp.
You hit the freezing wraith but do no damage.
The freezing wraith hits you. The freezing wraith freezes you! You resist.
The freezing wraith hits you!
The freezing wraith hits you but does no damage.
The freezing wraith closely misses you. 😮 HP[-14]
You take 14 damage, and now have 50/84 hp.
You are too injured to fight recklessly!
You punch the freezing wraith!
You destroy the freezing wraith!
Fedhas accepts your kill. 😮 HP[+1] 😮 HP[+1]
You start resting.
You feel yourself speed up. 😕 HP[+18]
You regained 18 hp, and now have 70/84 hp.
You start resting. 😎 HP[+14]
Your hp is fully restored (84).
There is an ice choked empty arch of ancient stone here.
A death yak simulacrum comes into view.
You are engulfed in freezing vapours.
You resist. 😕 HP[-7]
You take 7 damage, and now have 77/84 hp.
You are engulfed in freezing vapours.
You resist. 😮 HP[-14]
You take 14 damage, and now have 63/84 hp. 😕 HP[+1] 😕 HP[+1] 😕 HP[+2]
You regained 2 hp, and now have 67/84 hp.
There is an ice choked empty arch of ancient stone here. 😕 HP[+1]
Aiming: Grow Ballistomycete (6% risk of failure)
Press: ? - help, Dir - move target A ballistomycete grows from the ground. 😕 HP[+1] MP[-4]
You lost 4 mp, and now have 13/17 mp.
Unknown command. 😕 HP[+1] 😕 HP[+1] 😕 HP[+1]
A ballistomycete spore comes into view. 😕 HP[+1] 😕 HP[+2]
You regained 2 hp, and now have 75/84 hp.
The explosion of spores engulfs the elephant simulacrum!! 😕 HP[+1] MP[+1] Unknown command.
You hit the elephant simulacrum but do no damage.
The elephant simulacrum barely misses you.
The elephant simulacrum closely misses you. 😕 HP[+1]
You hit the elephant simulacrum. You headbutt the elephant simulacrum.
You hit the elephant simulacrum. Fedhas accepts your kill. 😕 HP[+1]
A naga simulacrum comes into view.
A dire elephant simulacrum comes into view.
The death yak simulacrum gores you! The death yak simulacrum freezes you!!
You resist.
A ballistomycete spore comes into view. 😮 HP[-28]
You take 28 damage, and now have 50/84 hp.
MASSIVE DAMAGE!! (PAUSE)
You pummel the death yak simulacrum!! 😮 HP[+1]
You hit the death yak simulacrum but do no damage.
The death yak simulacrum gores you! The death yak simulacrum freezes you!!
You resist.
* * * LOW HITPOINT WARNING * * *
😨 HP[-25]
You take 25 damage, and now have 26/84 hp.
MASSIVE DAMAGE!! (PAUSE)
You hit the death yak simulacrum but do no damage.
The death yak simulacrum gores you!
* * * LOW HITPOINT WARNING * * *
The death yak simulacrum freezes you! You resist.
You die...
Fedhas appreciates your contribution to the ecosystem.

Skill      XL: |  1  2  3  4  5  6  7  8  9 10 11 |
---------------+----------------------------------+-----
Unarmed Combat | 3 4 5 6 7 8 12 | 12.0
Dodging        | 3 6 8 |  8.0
Fighting       | 4 6 7 |  7.3
Invocations    | 8 |  8.0

Action                     |  1- 3 |  4- 6 |  7- 9 | 10-12 || total
---------------------------+-------+-------+-------+-------++-------
  Melee: Unarmed           |   113 |    96 |   269 |   225 ||   703
         Headbutt          |       |    23 |    73 |    59 ||   155
 Invoke: Grow Ballistomyce |       |       |     2 |     4 ||     6
         Wall of Briars    |       |       |     1 |       ||     1
         Grow Oklob        |       |       |       |     2 ||     2
  Evoke: Wand              |       |     5 |     4 |    16 ||    25
    Use: Scroll            |     4 |       |     5 |     8 ||    17
         Potion            |       |       |       |     1 ||     1
   Stab: Confused          |       |       |     1 |       ||     1
 Armour: Robe              |     6 |       |       |       ||     6
         Ring mail         |     6 |       |    45 |    50 ||   101
         Leather armour    |    20 |    25 |    12 |       ||    57
         Acid dragon scale |       |       |       |     6 ||     6
  Dodge: Dodged            |    62 |    46 |   175 |   128 ||   411

Levels and vault maps discovered:
D:1:      shiori_arrival_maze, layout_loops_ring
D:2:      layout_basic
D:3:      cheibrodos_pilgrimage, layout_rooms, zin_angel, marbit_many_paths
D:4:      layout_basic, fedhas_altar_3
D:5:      layout_basic, mainiacjoe_overflow_alcove_2,
          minmay_temple_entry_arrows, uniq_eustachio
D:6:      layout_rooms
D:7:      layout_rooms
D:8:      layout_basic, gammafunk_ghost_grave, hangedman_decor_diamond_cutter
D:9:      minmay_the_grid_triangle_9x9_recursive_2_mashed
          [minmay_the_grid_triangle_9x9_prize_center,
          minmay_the_grid_triangle_9x9_empty,
          minmay_the_grid_triangle_9x9_wacky_v,
          minmay_the_grid_triangle_9x9_fully_insulated_deathbox],
          layout_irregular_city, gammafunk_temple_overflow_elements,
          kennysheep_mini, serial_column_ruins, column_ruins_hut,
          column_ruins_temple_circle, column_ruins_grid_1,
          column_ruins_corridor_dead_end, column_ruins_grid_3,
          column_ruins_grid_1, column_ruins_open_medium, uniq_prince_ribbit1
D:10:     layout_loops_corners, mainiacjoe_overflow_brackets, erik_lair_island,
          enter_bailey_2, due_unseen_surprise
D:11:     layout_cave_pods, portal_ice_cave_demonic_guard,
          serial_nicolae_subway, nicolae_sub_station_crystal,
          nicolae_sub_station_metal, nicolae_sub_station_stone
IceCv:    ice_cave_small_necro

Notes
Turn   | Place    | Note
-------+----------+-------------------------------------------
     0 | D:1      | MackTheKnife the Demonspawn Monk began the quest for the
                  | Orb.
     0 | D:1      | Reached XP level 1. HP: 18/18 MP: 1/1
     0 | D:1      | magus.rc [v1.9.6]
   121 | D:1      | Reached skill level 3 in Unarmed Combat
   219 | D:1      | Gained mutation: You are partially covered in razor-sharp
                  | scales. (AC +1, Slay +1) [demonic ancestry]
   219 | D:1      | Reached XP level 2. HP: 24/24 MP: 2/2
   348 | D:1      | You pick up a book of Annihilations and begin reading...
   348 | D:1      | You add the spells Chain Lightning, Fire Storm and Shatter
                  | to your library.
   778 | D:2      | Identified the +2 leather armour of Qyuxamemp {rPois MP-9
                  | Int+4 SInv}
   814 | D:2      | Reached XP level 3. HP: 29/29 MP: 0/3
   882 | D:2      | Reached skill level 4 in Unarmed Combat
  1452 | D:3      | Gained mutation: You have a pair of small horns on your
                  | head. [demonic ancestry]
  1452 | D:3      | Reached XP level 4. HP: 35/35 MP: 0/4
  1738 | D:3      | Reached skill level 5 in Unarmed Combat
  1877 | D:3      | Found a shimmering blue altar of Sif Muna.
  2014 | D:3      | Noticed an angel
  2090 | D:4      | Noticed an ogre
  2092 | D:4      | Found a blossoming altar of Fedhas.
  2266 | D:4      | Noticed a black bear
  2282 | D:4      | Killed a black bear
  2283 | D:4      | Reached XP level 5. HP: 38/41 MP: 0/5
  2366 | D:4      | Reached skill level 6 in Unarmed Combat
  2410 | D:4      | Reached XP level 6. HP: 44/47 MP: 0/6
  2511 | D:4      | Became a worshipper of Fedhas Madash
  2511 | D:4      | Reached * piety under Fedhas
  2511 | D:4      | Reached ** piety under Fedhas
  2633 | D:4      | Reached skill level 7 in Unarmed Combat
  3082 | D:5      | Entered Level 5 of the Dungeon
  3090 | D:4      | Gained mutation: Spells you cast may paralyse adjacent
                  | enemies. [demonic ancestry]
  3090 | D:4      | Reached XP level 7. HP: 39/52 MP: 0/7
  3365 | D:5      | Found a staircase to the Ecumenical Temple.
  3387 | D:5      | Noticed Eustachio
  3402 | D:5      | Killed Eustachio
  3403 | D:5      | Reached skill level 8 in Unarmed Combat
  3556 | D:5      | Reached skill level 3 in Dodging
  3556 | D:5      | Found a shimmering altar of Xom.
  4205 | D:5      | Reached skill level 4 in Fighting
  4619 | D:5      | Gained mutation: You may rarely emit foul miasma when
                  | damaged in melee. [demonic ancestry]
  4619 | D:5      | Reached XP level 8. HP: 55/61 MP: 8/8
  4707 | D:6      | Reached skill level 4 in Dodging
  4811 | D:6      | Reached skill level 5 in Fighting
  5002 | D:6      | Identified the amulet "Jiwkur" {Regen+ rCorr Str-5 Dex+4
                  | SInv}
  5012 | D:6      | Reached *** piety under Fedhas
  5089 | D:6      | Reached skill level 5 in Dodging
  5435 | D:6      | Reached skill level 6 in Fighting
  5484 | D:7      | Reached skill level 6 in Dodging
  5696 | D:7      | Gained mutation: You are mostly covered in razor-sharp
                  | scales. (AC +2, Slay +2) [demonic ancestry]
  5696 | D:7      | Reached XP level 9. HP: 58/69 MP: 9/9
  5826 | D:7      | Reached skill level 7 in Dodging
  5894 | D:7      | Reached **** piety under Fedhas
  6301 | D:8      | Reached skill level 8 in Dodging
  6301 | D:8      | Reached skill level 1 in Invocations
  6326 | D:8      | Reached skill level 2 in Invocations
  6422 | D:8      | Reached skill level 3 in Invocations
  6438 | D:8      | Found a runed translucent door.
  6438 | D:8      | Noticed lmonn's ghost (novice MiFi)
  6471 | D:8      | You pick up a book of Air and begin reading...
  6471 | D:8      | You add the spells Shock, Swiftness and Airstrike to your
                  | library.
  6619 | D:8      | Reached skill level 4 in Invocations
  6634 | D:8      | You pick up a book of Lightning and begin reading...
  6634 | D:8      | You add the spells Vhi's Electric Charge, Arcjolt and
                  | Plasma Beam to your library.
  7084 | D:9      | Found a shadowy altar of Dithmenos.
  7084 | D:9      | Found an ornate altar of the Wu Jian Council.
  7104 | D:9      | Noticed Prince Ribbit
  7108 | D:9      | Reached skill level 5 in Invocations
  7118 | D:9      | Reached skill level 6 in Invocations
  7119 | D:9      | Killed Prince Ribbit
  7120 | D:9      | Reached skill level 7 in Invocations
  7120 | D:9      | Noticed a two-headed ogre
  7129 | D:9      | Killed a two-headed ogre
  7130 | D:9      | Reached skill level 8 in Invocations
  7130 | D:9      | Gained mutation: You are completely covered in razor-sharp
                  | scales. (AC +3, Slay +3) [demonic ancestry]
  7130 | D:9      | Reached XP level 10. HP: 46/76 MP: 4/16
  7232 | D:9      | You pick up a book of Rime and begin reading...
  7232 | D:9      | You add the spells Frozen Ramparts, Ice Form and Summon Ice
                  | Beast to your library.
  7555 | D:9      | Reached skill level 9 in Unarmed Combat
  7751 | D:9      | You add the spells Cigotuvi's Dreadful Rot, Ignite Poison
                  | and Freezing Cloud to your library.
  7784 | D:9      | Found a faded altar of an unknown god.
  7797 | D:9      | Found a runed translucent door.
  7798 | D:9      | Noticed a centaur warrior
  7799 | D:9      | Noticed a two-headed ogre
  7800 | D:9      | Found a runed translucent door.
  7800 | D:9      | Found a runed translucent door.
  8082 | D:9      | Found a hide-covered altar of Uskayaw.
  8293 | D:10     | Entered Level 10 of the Dungeon
  8339 | D:10     | Found a flagged portal.
  8346 | D:10     | Identified the +4 hand axe of Raocluyfe {heavy, Contam
                  | rElec rPois rCorr}
  8353 | Bailey   | Entered a bailey
  8412 | Bailey   | Noticed an orc knight
  8428 | Bailey   | Killed an orc knight
  8429 | Bailey   | Reached skill level 10 in Unarmed Combat
  8687 | Bailey   | Reached ***** piety under Fedhas
  8933 | D:10     | Found an ancient bone altar of Kikubaaqudgha.
  9048 | D:10     | Reached skill level 11 in Unarmed Combat
  9091 | D:10     | Found a staircase to the Lair.
  9506 | D:11     | Found a frozen archway.
  9524 | D:11     | Reached skill level 12 in Unarmed Combat
  9524 | D:11     | Gained mutation: You have a pair of horns on your head.
                  | [demonic ancestry]
  9524 | D:11     | Reached XP level 11. HP: 29/81 MP: 10/17
  9590 | IceCv    | Entered an ice cave
  9607 | IceCv    | HP: 18/83 [death yak simulacrum (11)]
  9607 | IceCv    | HP: 5/83 [death yak simulacrum (13)]
  9659 | IceCv    | Reached skill level 7 in Fighting
  9792 | IceCv    | HP: 10/84 [death yak simulacrum (17)]
  9792 | IceCv    | Slain by a death yak simulacrum

Vanquished Creatures
  A two-headed ogre (D:9)
  An orc knight (Bailey)
  A freezing wraith (IceCv)
  An ice devil (D:11)
  2 trolls
  A centaur simulacrum (D:10)
  2 wraiths (D:10)
  Eustachio (D:5)
  4 death yak simulacra (IceCv)
  3 vampire mosquitoes (D:10)
  An acid dragon (D:10)
  3 water moccasins
  9 orc warriors
  An ice beast (D:6)
  3 black bears
  A sky beast (D:6)
  2 ogres
  4 centaurs
  3 wolves (D:10)
  2 phantoms
  3 bullfrogs
  2 two-headed ogre simulacra (IceCv)
  2 gnoll sergeants
  2 scorpions
  10 wights
  5 killer bees (D:9)
  2 elephant simulacra (IceCv)
  2 electric eels (D:10)
  9 hounds
  2 jellies
  A gnoll bouda (D:9)
  7 orc priests
  2 iguanas
  11 orc wizards
  16 gnolls
  6 adders
  2 shadow imps
  2 white imps
  A worm (D:2)
  A dart slug (D:1)
  49 orcs
  5 ball pythons
  5 bats
  4 endoplasms
  5 giant cockroaches
  7 goblins
  11 hobgoblins
  A quokka (D:5)
  4 frilled lizards
  12 kobolds
  4 rats (D:3)
241 creatures vanquished.

Vanquished Creatures (collateral kills)
  An ice devil (D:11)
  A killer bee (D:9)
  A polar bear simulacrum (IceCv)
  A naga simulacrum (IceCv)
  A white imp (IceCv)
  18 ballistomycete spores
23 creatures vanquished.

Vanquished Creatures (others)
  Prince Ribbit (D:9)
  A howler monkey (D:6)
  A sleepcap (D:6)
  3 orcs (D:6)
  3 ballistomycete spores
9 creatures vanquished.

Grand Total: 273 creatures vanquished

Table legend:
 A = Non-vault XP
 B = Vault XP
 C = Vault XP percentage of total XP
 D = Non-vault monster count
 E = Vault monster count
 F = Vault count percentage of total count
                 A         B        C        D         E       F
            +---------+---------+-------+---------+---------+-------
      Total |    8320 |    4704 |  36.1 |     193 |      54 |  21.9
            +---------+---------+-------+---------+---------+-------
        D:1 |      26 |       4 |  13.3 |      14 |       2 |  12.5
        D:2 |      44 |       0 |   0.0 |      17 |       0 |   0.0
        D:3 |      61 |      53 |  46.5 |      19 |       6 |  24.0
        D:4 |     595 |       0 |   0.0 |      18 |       0 |   0.0
        D:5 |     487 |     196 |  28.7 |      18 |       1 |   5.3
        D:6 |     865 |       0 |   0.0 |      23 |       0 |   0.0
        D:7 |    1245 |       0 |   0.0 |      25 |       0 |   0.0
        D:8 |     576 |       0 |   0.0 |       7 |       0 |   0.0
        D:9 |    2599 |     250 |   8.8 |      36 |       1 |   2.7
       D:10 |    1822 |     773 |  29.8 |      16 |       7 |  30.4
       D:11 |       0 |     660 | 100.0 |       0 |       2 | 100.0
     Bailey |       0 |    1368 | 100.0 |       0 |      22 | 100.0
      IceCv |       0 |    1400 | 100.0 |       0 |      13 | 100.0
            +---------+---------+-------+---------+---------+-------

Skill      XL: |  1  2  3  4  5  6  7  8  9 10 11 |
---------------+----------------------------------+-----
Unarmed Combat | 3 4 5 6 7 8 12 | 12.0
Dodging        | 3 6 8 |  8.0
Fighting       | 4 6 7 |  7.3
Invocations    | 8 |  8.0

Action                     |  1- 3 |  4- 6 |  7- 9 | 10-12 || total
---------------------------+-------+-------+-------+-------++-------
  Melee: Unarmed           |   113 |    96 |   269 |   225 ||   703
         Headbutt          |       |    23 |    73 |    59 ||   155
 Invoke: Grow Ballistomyce |       |       |     2 |     4 ||     6
         Wall of Briars    |       |       |     1 |       ||     1
         Grow Oklob        |       |       |       |     2 ||     2
  Evoke: Wand              |       |     5 |     4 |    16 ||    25
    Use: Scroll            |     4 |       |     5 |     8 ||    17
         Potion            |       |       |       |     1 ||     1
   Stab: Confused          |       |       |     1 |       ||     1
 Armour: Robe              |     6 |       |       |       ||     6
         Ring mail         |     6 |       |    45 |    50 ||   101
         Leather armour    |    20 |    25 |    12 |       ||    57
         Acid dragon scale |       |       |       |     6 ||     6
  Dodge: Dodged            |    62 |    46 |   175 |   128 ||   411

Illustrated notes

Table legend:
 A = Kills in this place as a percentage of kills in the entire game.
 B = Kills by you in this place as a percentage of kills by you in the entire game.
 C = Kills by friends in this place as a percentage of kills by friends in the entire game.
 D = Other kills in this place as a percentage of other kills in the entire game.
 E = Experience gained in this place as a percentage of experience gained in the entire game.
 F = Experience gained in this place divided by the number of levels of this place that you have seen.
                   A       B       C       D       E      F
               +-------+-------+-------+-------+-------+----------------------
         Total | 100.0 | 100.0 | 100.0 | 100.0 | 100.0 | 1001.8
       Dungeon |  85.8 |  87.1 |  40.0 |  50.0 |  78.7 | 932.4
        Bailey |   8.9 |   8.8 |   0.0 |  50.0 |  10.5 | 1368.0
      Ice Cave |   5.3 |   4.2 |  60.0 |   0.0 |  10.7 | 1400.0
               +-------+-------+-------+-------+-------+----------------------

Table legend: (Time is in decaauts)
 A = Elapsed time spent in this place.
 B = Non-inter-level travel time spent in this place.
 C = Inter-level travel time spent in this place.
 D = Time resting spent in this place.
 E = Time spent auto-exploring this place.
 F = Levels seen in this place.
 G = Mean time per level.
                   A        B        C        D        E       F      G
               +--------+--------+--------+--------+--------+-----+--------+
         Total |   9718 |   9291 |    427 |   1403 |   5997 |  13 |  747.5 |
       Dungeon |   9131 |   8704 |    427 |   1276 |   5915 |  11 |  830.1 |
        Bailey |    381 |    381 |      0 |     48 |     74 |   1 |  381.0 |
      Ice Cave |    205 |    205 |      0 |     79 |      7 |   1 |  205.0 |
               +--------+--------+--------+--------+--------+-----+--------+

Top non-repeatable levels by time:
     D:5: 1461 daAuts
     D:9: 1222 daAuts
     D:4: 1154 daAuts
     D:8: 844 daAuts
     D:7: 785 daAuts
     D:3: 782 daAuts
    D:10: 757 daAuts
     D:2: 755 daAuts
     D:1: 659 daAuts
     D:6: 564 daAuts
  Bailey: 381 daAuts
   IceCv: 205 daAuts
    D:11: 144 daAuts
